 Dungeon Crawl Stone Soup version 0.31-a0-557-g6e16503903 (webtiles) character file.

Game seed: 13049065659564610916

268 ytrimaz the Sneak (level 6, -3/38 HPs)
             Began as an Octopode Shapeshifter on Aug 16, 2023.
             Killed by divine providence
             ... invoked by an orc priest
              (15 damage)
             ... on level 4 of the Dungeon.
             The game lasted 00:03:12 (2883 turns).

ytrimaz the Sneak (Octopode Shapeshifter)           Turns: 2883, Time: 00:03:13

Health: -3/38      AC:  1    Str: 15    XL:     6   Next: 21%
Magic:  15/15      EV: 14    Int: 10    God:
Gold:   179        SH:  5    Dex: 14    Spells: 5/5 levels left

rFire   . .          .
                       - Unarmed
rCold   . . .        (no shield)
rNeg    . . .        (helmet currently unavailable)
rPois   .            l - amulet of reflection
rElec   .            a - ring of magical power
rCorr   .            (no ring)
SInv    .            (no ring)
Will    .....        (no ring)
Stlth   ++++         (no ring)
HPRegen 0.26/turn    (no ring)
MPRegen 0.14/turn    (no ring)
                     (no ring)

%: reflection
@: beast-form
A: beast (slay +2), almost no armour, amphibious, 8 rings, camouflage 1,
gelatinous body 1, (nimble swimmer 1), tentacles
a: Begin Untransformation


You were on level 4 of the Dungeon.
You were a hulking beast.
You visited 1 branch of the dungeon, and saw 4 of its levels.

You collected 179 gold pieces.


Innate Abilities, Weirdness & Mutations

You are a hulking beast.
Your limbs bulge with bestial killing power. (Slay +2)
You cannot wear most types of armour.
You are amphibious.
You can wear up to eight rings at the same time.
Your skin changes colour to match your surroundings (Stealth+).
Your rubbery body absorbs attacks. (AC +1, EV +1)
((You are camouflaged when in or above water. (Stealth+)))
You have tentacles for arms and can constrict up to eight enemies at once.


   Skills:
 - Level 1.0 Fighting
 + Level 3.6 Dodging
 * Level 5.6 Stealth
 - Level 3.0 Unarmed Combat
 + Level 3.9 Shapeshifting


You had 5 spell levels left.
You didn't know any spells.
Your spell library contained the following spells:

 Spells                   Type           Power      Damage    Failure   Level
 Magic Dart               Conj           0%         1d3       36%         1
 Necrotise                Necr           0%         1d4       36%         1
 Call Imp                 Summ           0%         N/A       50%         2
 Mephitic Cloud           Conj/Pois/Air  0%         N/A       75%         3
 Vampiric Draining        Necr           0%         2d6       75%         3
 Agony                    Necr           0%         N/A       100%        5

Inventory:

Jewellery
 a - a ring of magical power (left tentacle)
   (You found it on level 2 of the Dungeon)
 l - an amulet of reflection (around mantle)
   (You took it off a kobold on level 2 of the Dungeon)
Talismans
 b - a beast talisman (active)
 c - a flux talisman
Wands
 k - a wand of polymorph (9)
   (You found it on level 2 of the Dungeon)
Scrolls
 e - a scroll of amnesia
 g - a scroll of fear
 h - a scroll of acquirement {unknown}
 i - a scroll of fog
 n - a scroll of vulnerability {unknown}
 o - a scroll of teleportation {unknown}
Potions
 d - a potion of enlightenment {unknown}
 f - a potion of heal wounds {unknown}
 j - a potion of berserk rage {unknown}
 m - 3 potions of haste {unknown}

Dungeon Overview and Level Annotations

Branches:
Dungeon (4/15) Zot: 21125
 Temple: D:4-7

Altars:
Wu Jian

Shops:
D:1 [ D:2

=[( #.# #####.#.[.
.. #.#
#.†..†#o#.... #.#
#.#.o..o.o...
##.###.#.#####..##
#......#.# #
##.#.##ooo#
###.......###
#......####
#...h### #....#
##...# #...# #...#
#...#######
#..........
#...####### #...#


You could see an orc priest and 2 orcs.


Message History

You kill the bat!
You tentacle-slap the worm but do no damage.
You grab the worm. You squeeze the worm! You constrict the worm.
You tentacle-slap the worm.
You kill the worm! 😮 HP[+1]
You are too injured to fight recklessly!
Unknown command.
You see here a ball python corpse.
You are too injured to fight recklessly!
Things that are here:
a jackal corpse; a jackal corpse Key pressed, stopping explore. 😎 HP[+13]
Your hp is fully restored (38).
n - a scroll labelled QIQAECAPNI Key pressed, stopping explore.
You now have 169 gold pieces (gained 12).
Key pressed, stopping explore.
Things that are here:
a jackal corpse; a jackal corpse You see here a ball python corpse.
Key pressed, stopping explore.
Key pressed, stopping explore.
You see here 4 stones.
Key pressed, stopping explore.
There is a stone staircase leading up here.
Key pressed, stopping explore.
Key pressed, stopping explore.
Done exploring.
Done exploring.
Done exploring.
Done exploring.
There is a stone staircase leading down here.
You climb downwards.
There is a stone staircase leading up here.
Unknown command.
You now have 179 gold pieces (gained 10).
There is a stone staircase leading up here.
An iguana comes into view.
An iguana is nearby!
An iguana is nearby!
An iguana is nearby!
You see here a scroll labelled CYPATR GOMIRPH.
The iguana hisses angrily.
The iguana misses you.
You closely miss the iguana. Your grab misses the iguana.
You squeeze the iguana! You tentacle-slap the iguana.
Your grab misses the iguana. The iguana completely misses you.
You bludgeon the iguana!
You kill the iguana!
Unknown command.
You see here an iguana corpse.
No target in view!
You see here an iguana corpse.
o - a scroll labelled CYPATR GOMIRPH
There is a stone staircase leading up here.
A ball python comes into view.
A ball python is nearby!
A ball python is nearby!
A dart slug comes into view.
The helpless ball python fails to defend itself.
You tentacle-slap the ball python.
You kill the ball python!
An orc priest comes into view. It is wielding a +0 trident.
You see here a ball python corpse.
Unknown command.
An orc comes into view. It is wielding a +0 dagger.
The dart slug launches a dart at you. The slug dart hits you. 😕 HP[-2]
You take 2 damage, and now have 36/38 hp.
There are monsters nearby!
An orc comes into view. It is wielding a +0 hand axe.
Unknown command.
You tentacle-slap the dart slug. You grab the dart slug.
You squeeze the dart slug. You constrict the dart slug.
You kill the dart slug! 😕 HP[+1]
The orc priest shouts!
The orc shouts!
The orc priest mumbles some strange prayers to Beogh against you.
Pain shoots through your body!
The orc shouts! 😮 HP[-14]
You take 14 damage, and now have 23/38 hp.
MASSIVE DAMAGE!! (PAUSE) 😮 HP[+1]
The orc priest casts a cantrip, but nothing happens. 😮 HP[+1]
The orc priest mumbles some strange prayers to Beogh against you.
Pain shoots through your body!
* * * LOW HITPOINT WARNING * * *
😨 HP[-13]
You take 13 damage, and now have 12/38 hp.
MASSIVE DAMAGE!! (PAUSE)
There is a stone staircase leading up here.
The orc priest mumbles some strange prayers to Beogh against you.
Beogh smites you!
You die...

Skill      XL: |  1  2  3  4  5 |
---------------+----------------+-----
Stealth        | 1 2 3 4 5 |  5.6
Dodging        | 3 |  3.6
Fighting       | |  1.0
Unarmed Combat | |  3.0
Shapeshifting  | |  3.9

Action                     |  1- 3 |  4- 6 || total
---------------------------+-------+-------++-------
  Melee: Unarmed           |    65 |    87 ||   152
         Constrict         |    15 |    19 ||    34
         Tentacles         |     7 |    16 ||    23
    Use: Scroll            |     1 |     7 ||     8
         Potion            |     1 |       ||     1
   Stab: Sleeping          |     2 |    11 ||    13
 Armour: Skin              |    37 |    14 ||    51
  Dodge: Dodged            |    34 |    62 ||    96
  Block: Other             |    10 |    29 ||    39
         Reflection        |       |     1 ||     1

Levels and vault maps discovered:
D:1:      ebering_hopf_link, layout_loops_ring, serial_shops, shop,
          ebering_ecumenical_altar_rust, minmay_tromino_i4
D:2:      kennysheep_big_flooded_room, layout_basic, serial_shops,
          nicolae_shop_rolling_square, shop, nicolae_shop_crystal, minivault_11,
          hex_medium, uniq_terence, uniq_natasha, uniq_jessica
D:3:      layout_rooms, nicolae_wu_jian_immortal_techniques
D:4:      layout_rooms, jmf_multi_god_temple2, kennysheep_minor_cross,
          minmay_misc_feat_plants

Notes
Turn   | Place    | Note
-------+----------+-------------------------------------------
     0 | D:1      | ytrimaz the Octopode Shapeshifter began the quest for the
                  | Orb.
     0 | D:1      | Reached XP level 1. HP: 13/13 MP: 1/1
     0 | D:1      | magus.rc [v1.9.6]
    68 | D:1      | You pick up a book of Necromancy and begin reading...
    68 | D:1      | You add the spells Necrotise, Vampiric Draining and Agony
                  | to your library.
   106 | D:1      | Reached skill level 1 in Stealth
   108 | D:1      | Reached XP level 2. HP: 6/18 MP: 2/2
   244 | D:1      | Found Uzuch's Armour Shoppe.
   565 | D:1      | Found a faded altar of an unknown god.
   858 | D:2      | HP: 2/18 [hobgoblin (5)]
   859 | D:2      | Reached skill level 2 in Stealth
   861 | D:2      | Reached XP level 3. HP: 3/23 MP: 3/3
   981 | D:2      | Identified the +1 robe of the Eleven Nightcaps {-Cast Str+4
                  | Dex+2 Slay+3}
  1016 | D:2      | Noticed Terence
  1031 | D:2      | Killed Terence
  1032 | D:2      | Reached skill level 3 in Stealth
  1036 | D:2      | Reached XP level 4. HP: 28/28 MP: 4/4
  1095 | D:2      | You pick up a book of Minor Magic and begin reading...
  1095 | D:2      | You add the spells Magic Dart, Call Imp and Mephitic Cloud
                  | to your library.
  1289 | D:2      | Found Beluwni's Jewellery Boutique.
  1387 | D:2      | Found Iheron Xuczy's Weapon Shoppe.
  1472 | D:2      | Found Qayly's Antique Armour Boutique.
  1485 | D:2      | Noticed Natasha
  1494 | D:2      | Killed Natasha
  1495 | D:2      | Reached skill level 3 in Dodging
  1593 | D:2      | Noticed Natasha
  1605 | D:2      | Killed Natasha
  1606 | D:2      | Reached skill level 4 in Stealth
  1606 | D:2      | Reached XP level 5. HP: 33/33 MP: 5/5
  1748 | D:2      | Noticed Jessica
  1757 | D:2      | Killed Jessica
  1841 | D:2      | Noticed Natasha
  1859 | D:2      | Killed Natasha
  1860 | D:2      | Reached skill level 5 in Stealth
  2306 | D:3      | Reached XP level 6. HP: 38/38 MP: 6/6
  2508 | D:3      | Found an ornate altar of the Wu Jian Council.
  2883 | D:4      | Killed from afar by an orc priest

Vanquished Creatures
  Jessica (D:2)
  Natasha (thrice) (D:2)
  Terence (D:2)
  An iguana (D:4)
  3 adders
  2 worms
  4 dart slugs
  7 bats
  5 endoplasms
  3 giant cockroaches
  7 goblins
  5 hobgoblins
  4 jackals
  11 kobolds
  4 quokkas
  11 ball pythons
  3 frilled lizards
  5 rats
80 creatures vanquished.

Table legend:
 A = Non-vault XP
 B = Vault XP
 C = Vault XP percentage of total XP
 D = Non-vault monster count
 E = Vault monster count
 F = Vault count percentage of total count
                 A         B        C        D         E       F
            +---------+---------+-------+---------+---------+-------
      Total |     264 |     120 |  31.2 |      71 |       9 |  11.2
            +---------+---------+-------+---------+---------+-------
        D:1 |      24 |       6 |  20.0 |      14 |       4 |  22.2
        D:2 |     129 |     114 |  46.9 |      25 |       5 |  16.7
        D:3 |      71 |       0 |   0.0 |      29 |       0 |   0.0
        D:4 |      40 |       0 |   0.0 |       3 |       0 |   0.0
            +---------+---------+-------+---------+---------+-------

Skill      XL: |  1  2  3  4  5 |
---------------+----------------+-----
Stealth        | 1 2 3 4 5 |  5.6
Dodging        | 3 |  3.6
Fighting       | |  1.0
Unarmed Combat | |  3.0
Shapeshifting  | |  3.9

Action                     |  1- 3 |  4- 6 || total
---------------------------+-------+-------++-------
  Melee: Unarmed           |    65 |    87 ||   152
         Constrict         |    15 |    19 ||    34
         Tentacles         |     7 |    16 ||    23
    Use: Scroll            |     1 |     7 ||     8
         Potion            |     1 |       ||     1
   Stab: Sleeping          |     2 |    11 ||    13
 Armour: Skin              |    37 |    14 ||    51
  Dodge: Dodged            |    34 |    62 ||    96
  Block: Other             |    10 |    29 ||    39
         Reflection        |       |     1 ||     1

Illustrated notes

Table legend:
 A = Kills in this place as a percentage of kills in the entire game.
 B = Kills by you in this place as a percentage of kills by you in the entire game.
 C = Kills by friends in this place as a percentage of kills by friends in the entire game.
 D = Other kills in this place as a percentage of other kills in the entire game.
 E = Experience gained in this place as a percentage of experience gained in the entire game.
 F = Experience gained in this place divided by the number of levels of this place that you have seen.
                   A       B       C       D       E      F
               +-------+-------+-------+-------+-------+----------------------
         Total | 100.0 | 100.0 |   N/A |   N/A | 100.0 |  96.0
       Dungeon | 100.0 | 100.0 |   N/A |   N/A | 100.0 |  96.0
               +-------+-------+-------+-------+-------+----------------------

Table legend: (Time is in decaauts)
 A = Elapsed time spent in this place.
 B = Non-inter-level travel time spent in this place.
 C = Inter-level travel time spent in this place.
 D = Time resting spent in this place.
 E = Time spent auto-exploring this place.
 F = Levels seen in this place.
 G = Mean time per level.
                   A        B        C        D        E       F      G
               +--------+--------+--------+--------+--------+-----+--------+
         Total |   2873 |   2774 |     99 |    175 |   2016 |   4 |  718.2 |
       Dungeon |   2873 |   2774 |     99 |    175 |   2016 |   4 |  718.2 |
               +--------+--------+--------+--------+--------+-----+--------+

Top non-repeatable levels by time:
     D:2: 1275 daAuts
     D:1: 808 daAuts
     D:3: 736 daAuts
     D:4: 54 daAuts
